 Dungeon Crawl Stone Soup version 0.29.1-12-g30fa7ad0bf (webtiles) character file.

Game seed: 16739878463583312932

24175 Sanktem7 the Warrior (level 12, -2/127 HPs)
             Began as a Minotaur Fighter on Dec 15, 2022.
             Was the Champion of Okawaru.
             Slain by a cane toad (18 damage)
             ... on level 3 of the Lair of Beasts.
             The game lasted 00:26:13 (11794 turns).

Sanktem7 the Warrior (Minotaur Fighter)            Turns: 11794, Time: 00:26:13

Health: -2/127     AC: 12    Str: 33    XL:     12   Next: 78%
Magic:  12/12      EV:  5    Int:  6    God:    Okawaru [******]
Gold:   496        SH:  4    Dex:  9    Spells: 11/11 levels left

rFire   + . .      SeeInvis .   g - +5 broad axe "Aluqut" {vorpal, Drain rPois Str+8 Int-3, axe}
rCold   + + .      Faith    .   c - +0 buckler
rNeg    . . .      Spirit   .   r - +9 scales of the Dragon King {rPois rF+ rC+ Will+}
rPois   +          Reflect  .   (helmet restricted)
rElec   .          Harm     .   (no cloak)
rCorr   .          Rampage  .   u - +0 pair of gloves
Will    +....                   k - +2 pair of boots
Stlth   ..........              (no amulet)
HPRegen 0.31/turn               I - ring of protection from cold
MPRegen 0.13/turn               G - +4 ring of protection

@: corroded, studying Air Magic
A: horns 2, retaliatory headbutt, fangs 1, camouflage 1, clever 1, high MP 1
a: Renounce Religion, Heroism, Finesse, Duel


You were on level 3 of the Lair of Beasts.
You worshipped Okawaru.
Okawaru was exalted by your worship.
You visited 3 branches of the dungeon, and saw 12 of its levels.
You also visited: Bailey.

You collected 641 gold pieces.
You spent 145 gold pieces at shops.


Innate Abilities, Weirdness & Mutations

You have a pair of horns on your head.
You reflexively headbutt those who attack you in melee.
You have very sharp teeth.
Your skin changes colour to match your surroundings (Stealth+).
Your mind is acute. (Int +4, Str/Dex -1)
You have an increased reservoir of magic. (+10% MP)


   Skills:
 * Level 18.1 Fighting
 * Level 17.9 Axes
 - Level 5.0 Armour
 - Level 3.6 Shields


You had 11 spell levels left.
You didn't know any spells.
Your spell library contained the following spells:

 Spells                   Type           Power      Damage    Failure   Level
 Foxfire                  Conj/Fire      0%         2x1d4     100%        1
 Sting                    Tmut/Pois      0%         1d3       100%        1
 Poisonous Vapours        Pois/Air       0%         N/A       100%        2
 Conjure Flame            Conj/Fire      0%         6-21      100%        3
 Inner Flame              Hex/Fire       0%         N/A       100%        3
 Flame Wave               Conj/Fire      0%         2d4       100%        4
 Fulminant Prism          Conj/Hex       0%         3d6       100%        4
 Iskenderun's Mystic Bla  Conj/Tloc      0%         2d3       100%        4
 Olgreb's Toxic Radiance  Pois           0%         N/A       100%        4
 Sticky Flame             Conj/Fire      0%         2d3       100%        4
 Freezing Cloud           Conj/Ice/Air   0%         6-21      100%        5
 Lee's Rapid Deconstruct  Erth           0%         3d5*      100%        5
 Lehudib's Crystal Spear  Conj/Erth      0%         10d2      100%        8
 Polar Vortex             Ice            0%         N/A       100%        9
 Simulacrum               Ice/Necr       Unusable   N/A       N/A         6

Inventory:

Hand Weapons
 g - the +5 broad axe "Aluqut" (weapon) {vorpal, Drain rPois Str+8 Int-3, axe}
   (You acquired it on level 4 of the Dungeon)

   It inflicts extra damage upon your enemies.
   Str:       It affects your strength (+8).
   Int:       It affects your intelligence (-3).
   rPois:     It protects you from poison.
   Drain:     It drains your maximum health when unequipped.
 N - the +8 mace "Galavvuyri" {vorpal, *Noise rN+ Dex+2, mace}
   (You found it on level 2 of the Lair of Beasts)

   It inflicts extra damage upon your enemies.
   Dex:       It affects your dexterity (+2).
   rN:        It protects you from negative energy.
   *Noise:    It may make noises in combat.
 P - a +1 vorpal executioner's axe {axerare=g}
   (Okawaru gifted it to you on level 2 of the Lair of Beasts)
Missiles
 f - 10 stones {throwing}
 t - 3 boomerangs of dispersal {=f!fthrowing}
 v - 5 boomerangs (quivered) {throwing}
 w - 10 poisoned darts {throwing}
Armour
 a - the +1 shadow dragon scales of Eternal Night {+Inv Fly rC+ Stlth++++, rare}
   (Okawaru gifted it to you on level 8 of the Dungeon)

   rC:        It protects you from cold.
   +Inv:      It lets you turn invisible.
   Fly:       It grants you flight.
   Stlth:     It makes you much more stealthy.
 c - a +0 buckler (worn)
 k - a +2 pair of boots (worn)
   (You found it on level 2 of the Dungeon)
 r - the +9 scales of the Dragon King (worn) {rPois rF+ rC+ Will+}
   (You took it off an orc on level 4 of the Dungeon)

   rF:        It protects you from fire.
   rC:        It protects you from cold.
   rPois:     It protects you from poison.
   Will:      It increases your willpower.
 u - a +0 pair of gloves (worn)
   (You found it on level 7 of the Dungeon)
Jewellery
 G - a +4 ring of protection (right hand)
   (You bought it in a shop on level 8 of the Dungeon)
 I - a ring of protection from cold (left hand)
   (You found it on level 1 of the Lair of Beasts)
 O - an amulet of regeneration {@e2}
   (You found it on level 3 of the Lair of Beasts)
Wands
 j - a wand of flame (33)
   (You found it on level 5 of the Dungeon)
 y - a wand of charming (17)
   (You found it on level 8 of the Dungeon)
 K - a wand of roots (2)
   (You found it on level 2 of the Lair of Beasts)
Scrolls
 e - 2 scrolls of fear
 h - 3 scrolls of immolation {!r!r}
 i - 2 scrolls of identify {@r1}
 l - a scroll of amnesia {unknown}
 n - a scroll of teleportation {@r4}
 p - 3 scrolls of noise {!r}
 s - 2 scrolls of vulnerability {!r!r}
 z - a scroll of summoning
 A - 2 scrolls of magic mapping {!r}
 H - a scroll of silence {unknown}
 L - 2 scrolls of blinking {!r}
 M - a scroll of enchant weapon
Potions
 b - 2 potions of attraction {!q}
 d - a potion of might
 m - 3 potions of heal wounds {unknown}
 o - 5 potions of berserk rage {!q}
 q - 4 potions of curing {unknown}
 x - a potion of degeneration {unknown}
 B - a potion of flight {unknown}
 C - 3 potions of haste {@q3}
 D - a potion of brilliance {unknown}
 E - 2 potions of invisibility {unknown}
 F - 2 potions of resistance {unknown}
 J - a potion of magic {unknown}

Dungeon Overview and Level Annotations

Branches:
Dungeon (8/15) Zot: 26047  Temple (1/1) D:5 Zot: 5964    Lair (3/5) D:8 Zot: 14428
  Swamp (0/4) Lair:3        Snake (0/4) Lair:2       Bailey (visited)

Altars:
Ashenzari
Cheibriados
Dithmenos
Elyvilon
Fedhas
Gozag
Hepliaklqana
Kikubaaqudgha
Makhleb
Nemelex Xobeh
Okawaru
Qazlal
Trog
Uskayaw
Xom
Yredelemnul
Zin
The Shining One
Lugonu

Shops:
D:7 ?   D:8 *?*

Annotations:
D:5 3 runed translucent doors, Kazon's ghost, novice DsGl

##..# #..## ##..# #####
##. ##.## ...##### .P..
##.P# #####.....###...P
##.## ##.#......P.....P.
#..####............P....
##.#P#...P.......F.....#
....†.......##..@####..
#P.##........###..#
##.#.######### ####
.#.## ########## #...##
#......... #....########
#..^.....
##....##P...### ##......
#...####....#.####P....#
.....#........#.###....#


You could see a cane toad.


Message History

You hit the water moccasin. You bite the water moccasin. You slash the bush!
The water moccasin bites you but does no damage.
You slice the water moccasin!!
You kill the water moccasin!
Okawaru accepts your kill.
You hit the bush but do no damage.
No target in view!
No target in view!
No target in view!
No target in view!
No target in view!
No target in view!
No target in view!
No target in view!
No target in view!
No target in view!
No target in view!
No target in view!
O - an amulet of regeneration {@e2} You see here a water moccasin corpse.
An oklob plant comes into view.
Marking area around an oklob plant as unsafe for travelling.
An oklob plant comes into view.
Marking area around an oklob plant as unsafe for travelling.
The oklob plant spits acid at you.
The splash of acid hits you but does no damage.
The acid corrodes you! The oklob plant spits acid at you.
The splash of acid hits you. The acid corrodes you! 😕 HP[-4]
You take 4 damage, and now have 123/127 hp.
The oklob plant spits acid at you. The splash of acid hits you! 😕 HP[-6]
You take 6 damage, and now have 117/127 hp.
An oklob plant comes into view.
Marking area around an oklob plant as unsafe for travelling.
You slice the oklob plant!!
You bite the oklob plant, but do no damage.
You slice the oklob plant!! You headbutt the oklob plant.
You destroy the oklob plant!
Okawaru is honoured by your kill.
Your Fighting skill increases to level 18!
The oklob plant spits acid at you. The splash of acid misses you. 😕 HP[+1]
The oklob plant spits acid at you. The splash of acid hits you!! 😮 HP[-34]
You take 34 damage, and now have 84/127 hp.
MASSIVE DAMAGE!! (PAUSE)
You slice the oklob plant!!
You headbutt the oklob plant, but do no damage.
The oklob plant spits acid at you. The splash of acid hits you.
The acid corrodes you! 😮 HP[-6]
You take 6 damage, and now have 78/127 hp.
You hit the oklob plant but do no damage.
You headbutt the oklob plant, but do no damage.
The oklob plant spits acid at you. The splash of acid hits you!!
* * * LOW HITPOINT WARNING * * *
The acid corrodes you! 😨 HP[-20]
You take 20 damage, and now have 58/127 hp.
You slice the oklob plant!!
You destroy the oklob plant!
Okawaru accepts your kill. The oklob plant spits acid at you.
The splash of acid hits you!
* * * LOW HITPOINT WARNING * * *
The acid corrodes you! 😨 HP[-12]
You take 12 damage, and now have 46/127 hp.
The oklob plant spits acid at you. The splash of acid hits you!
* * * LOW HITPOINT WARNING * * *
The acid corrodes you! 😱 HP[-16]
You take 16 damage, and now have 30/127 hp. 😱 HP[+1]
A cane toad comes into view.
The cane toad croaks.
The cane toad moves out of view.
You slash the oklob plant! You headbutt the oklob plant.
You hit the oklob plant.
You headbutt the oklob plant, but do no damage.
The oklob plant spits acid at you. The splash of acid hits you!
* * * LOW HITPOINT WARNING * * *
😱 HP[-16]
You take 16 damage, and now have 15/127 hp.
You slice the oklob plant!!
You headbutt the oklob plant, but do no damage. 😱 HP[+1]
You hit the oklob plant.
You destroy the oklob plant!
Okawaru accepts your kill.
You hit the cane toad but do no damage. The cane toad stings you!!
You die...

Skill      XL: |  1  2  3  4  5  6  7  8  9 10 11 12 |
---------------+-------------------------------------+-----
Fighting       | 4 5 6 7 8 10 12 14 16 18 | 18.1
Axes           | 3 4 5 6 8 10 12 14 16 17 | 17.9
Armour         | 4 5 |  5.0
Shields        | |  3.6

Action                   |  1- 3 |  4- 6 |  7- 9 | 10-12 || total
-------------------------+-------+-------+-------+-------++-------
Melee: War axe           |    58 |   102 |     6 |       ||   166
       Headbutt          |     5 |    19 |    28 |    50 ||   102
       Broad axe         |       |       |   150 |   290 ||   440
       Bite              |       |       |     8 |    32 ||    40
Throw: Stone             |       |       |    15 |       ||    15
  Use: Scroll            |       |     2 |     9 |     5 ||    16
       Potion            |       |       |     3 |       ||     3
Armor: Scale mail        |    28 |       |       |       ||    28
       Chain mail        |    15 |    39 |       |       ||    54
       Gold dragon scale |       |     5 |   148 |   308 ||   461
Dodge: Dodged            |    44 |    38 |    33 |    60 ||   175
Block: Buckler           |    14 |    22 |    48 |    60 ||   144

Levels and vault maps discovered:
D:1:      scummos_arrival_forest, layout_basic,
          hellmonk_ecumenical_altar_blasted
D:2:      layout_basic, serial_co_window_serial, co_window_corner_a,
          co_window_paths_a, co_window_paths_a, co_window_corner_a,
          co_window_paths_a, co_window_paths_a, co_window_of_opportunity_a,
          co_window_paths_b, co_window_paths_a, co_window_of_opportunity_b,
          co_window_broadway_a, co_window_2corner, co_window_broadway_a
D:3:      layout_loops_cross, lemuel_crystal_altar, zin_academy
D:4:      layout_gridville, xom_redecorated, kennysheep_another_room,
          chequers_serial_rivers_micro_b, minmay_manual_macuahuitl, uniq_edmund
D:5:      layout_cave_pods, fedhas_ov_isle_minmay, minmay_temple_entry_fiery,
          gammafunk_ghost_nasty_kobolds, kb_lookout_dungeons_type,
          minmay_between
D:6:      layout_cave_pools, mainiacjoe_overflow_paths, cheibriados_altar_1,
          lemuel_crystal_altar
D:7:      layout_basic, makhleb_altar_promises_db, serial_shops,
          nicolae_shop_hallway_plus, kennysheep_crisscross, dk_noncrumbling_3
D:8:      layout_loops_ring, kennysheep_mini, dpeg_lair_monsters, serial_glass,
          glass_columns_b, glass_columns_a, serial_shops,
          nicolae_shop_behind_doors, shop, nicolae_stop_n_shop_1, enter_bailey_2
Temple:   corrupted_temple
Lair:1:   layout_chaotic_city
Lair:2:   layout_loops_ring, chequers_serial_rivers_room_b, serial_bayou_pond_d,
          grunt_forest_large_clearings
Lair:3:   minmay_lair_oklob_tunnel, layout_cave_pods, skrybe_swamp_entry_bodies

Notes
Turn   | Place    | Note
-------+----------+-------------------------------------------
     0 | D:1      | Sanktem7 the Minotaur Fighter began the quest for the Orb.
     0 | D:1      | Reached XP level 1. HP: 19/19 MP: 0/0
     0 | D:1      | magus.rc [v1.9.6]
   313 | D:1      | Found a faded altar of an unknown god.
   687 | D:1      | Reached skill level 4 in Fighting
   809 | D:2      | Reached skill level 3 in Axes
   809 | D:2      | Reached XP level 2. HP: 27/27 MP: 1/1
   981 | D:2      | You add the spells Sticky Flame, Freezing Cloud and
                  | Lehudib's Crystal Spear to your library.
   981 | D:2      | Got the Tractate on Blows and Bruises
  1754 | D:3      | Reached XP level 3. HP: 34/34 MP: 2/2
  1755 | D:3      | Noticed a scorpion
  1765 | D:2      | HP: 8/34 [poisoned by a scorpion]
  1767 | D:2      | Killed a scorpion
  1768 | D:2      | Reached skill level 5 in Fighting
  1768 | D:2      | Reached skill level 4 in Axes
  1768 | D:2      | Reached XP level 4. HP: 5/42 MP: 3/3
  2157 | D:3      | Found an ancient bone altar of Kikubaaqudgha.
  2216 | D:3      | Noticed an ogre
  2221 | D:3      | Killed an ogre
  2222 | D:3      | Reached skill level 5 in Axes
  2222 | D:3      | Reached XP level 5. HP: 38/50 MP: 4/4
  2369 | D:3      | Found a glowing silver altar of Zin.
  2569 | D:3      | You pick up a book of Flames and begin reading...
  2569 | D:3      | You add the spells Foxfire, Conjure Flame, Inner Flame and
                  | Flame Wave to your library.
  2824 | D:4      | Noticed Edmund
  2830 | D:4      | Killed Edmund
  2831 | D:4      | Reached skill level 6 in Fighting
  2831 | D:4      | Reached XP level 6. HP: 53/58 MP: 5/5
  2983 | D:4      | Reached skill level 6 in Axes
  3063 | D:4      | an orc comes into view. It is wielding a +0 short sword and
                  | wearing the +9 scales of the Dragon King {rPois rF+ rC+
                  | Will+}.
  3206 | D:4      | Reached skill level 7 in Fighting
  3206 | D:4      | Reached skill level 4 in Armour
  3367 | D:4      | Found a shimmering altar of Xom.
  3367 | D:4      | Found a shimmering altar of Xom.
  3368 | D:4      | Found a shimmering altar of Xom.
  3368 | D:4      | Found a shimmering altar of Xom.
  3369 | D:4      | Found a shimmering altar of Xom.
  3369 | D:4      | Found a shimmering altar of Xom.
  3519 | D:4      | Found a shimmering altar of Xom.
  4057 | D:5      | Entered Level 5 of the Dungeon
  4072 | D:5      | Found a runed translucent gate.
  4072 | D:5      | Found a runed translucent gate.
  4072 | D:5      | Found a runed translucent gate.
  4074 | D:5      | Noticed Kazon's ghost (novice DsGl)
  4098 | D:5      | Identified the +0 robe of the Iron City of Dis {+Inv}
  4162 | D:5      | Reached XP level 7. HP: 66/66 MP: 6/6
  4210 | D:5      | Noticed a yak
  4211 | D:5      | Noticed a yak
  4211 | D:5      | Noticed a yak
  4228 | D:5      | HP: 14/66 [ogre/+0 giant club (17)]
  4233 | D:5      | HP: 1/66 [orc priest/divine providence (14)]
  4544 | D:4      | Gained mutation: You are frail. (-10% HP) [potion of
                  | mutation]
  4544 | D:4      | Gained mutation: You are agile. (Dex +4, Str/Int -1)
                  | [potion of mutation]
  4545 | D:4      | Lost mutation: You are frail. (-10% HP) [potion of
                  | mutation]
  4545 | D:4      | Lost mutation: You are agile. (Dex +4, Str/Int -1) [potion
                  | of mutation]
  4545 | D:4      | Gained mutation: You have an increased reservoir of magic.
                  | (+10% MP) [potion of mutation]
  4545 | D:4      | Gained mutation: Your mind is acute. (Int +4, Str/Dex -1)
                  | [potion of mutation]
  4545 | D:4      | Gained mutation: You have very sharp teeth. [potion of
                  | mutation]
  4545 | D:4      | Gained mutation: You have extremely sharp teeth. [potion of
                  | mutation]
  4546 | D:4      | Lost mutation: Your mind is acute. (Int +4, Str/Dex -1)
                  | [potion of mutation]
  4546 | D:4      | Lost mutation: You have extremely sharp teeth. [potion of
                  | mutation]
  4546 | D:4      | Gained mutation: Your skin changes colour to match your
                  | surroundings (Stealth+). [potion of mutation]
  4546 | D:4      | Gained mutation: Your mind is acute. (Int +4, Str/Dex -1)
                  | [potion of mutation]
  4570 | D:4      | Identified a scroll of acquirement
  4570 | D:4      | Acquired the +5 broad axe "Aluqut" {vorpal, Drain rPois
                  | Str+8 Int-3}
  4693 | D:5      | Identified the +5 glaive "Beastslayer" {pain, rElec rC+
                  | Int+3}
  4749 | D:5      | Reached skill level 7 in Axes
  4918 | D:5      | HP: 16/67 [orc priest/nerve-wracking pain (10)]
  4921 | D:5      | Reached skill level 8 in Fighting
  5208 | D:5      | Found a blossoming altar of Fedhas.
  5263 | D:5      | Noticed a yak
  5270 | D:5      | Killed a yak
  5271 | D:5      | Reached skill level 8 in Axes
  5271 | D:5      | Reached skill level 5 in Armour
  5271 | D:5      | Reached XP level 8. HP: 75/75 MP: 7/7
  5291 | D:5      | Found a staircase to the Ecumenical Temple.
  5297 | Temple   | Entered the Ecumenical Temple
  5316 | Temple   | Became a worshipper of Warmaster Okawaru
  5583 | D:5      | Reached skill level 9 in Fighting
  5585 | D:5      | Reached skill level 9 in Axes
  5610 | D:6      | Reached * piety under Okawaru
  5702 | D:6      | Found a hazy altar of Hepliaklqana.
  5714 | D:6      | Reached skill level 10 in Fighting
  5724 | D:6      | Found a stormy altar of Qazlal.
  5789 | D:6      | Reached skill level 10 in Axes
  5789 | D:6      | Reached XP level 9. HP: 82/85 MP: 8/8
  5806 | D:6      | Found a snail-covered altar of Cheibriados.
  5880 | D:6      | Reached ** piety under Okawaru
  6249 | D:7      | Found a burning altar of Makhleb.
  6391 | D:7      | Reached skill level 11 in Fighting
  6407 | D:7      | Found Izaji's Magic Scroll Emporium.
  6503 | D:7      | Identified the +0 helmet of Lugonu's Inspiration {rPois rF+
                  | Will+ SInv}
  6694 | D:7      | Reached skill level 11 in Axes
  6809 | D:7      | Noticed a green death
  6813 | D:7      | Noticed an orange demon
  6949 | D:8      | Found Vinwicup's Assorted Antiques.
  6977 | D:8      | Found a sparkling altar of Nemelex Xobeh.
  7003 | D:8      | Reached *** piety under Okawaru
  7114 | D:8      | Reached skill level 12 in Fighting
  7119 | D:8      | Reached skill level 12 in Axes
  7166 | D:8      | Found a flagged portal.
  7178 | Bailey   | Entered a bailey
  7206 | Bailey   | Reached XP level 10. HP: 91/99 MP: 10/10
  7226 | Bailey   | Reached **** piety under Okawaru
  7325 | Bailey   | Reached skill level 13 in Fighting
  7364 | Bailey   | Noticed a vault guard
  7364 | Bailey   | Noticed Prince Ribbit
  7371 | Bailey   | Killed a vault guard
  7372 | Bailey   | Reached skill level 13 in Axes
  7373 | Bailey   | Killed Prince Ribbit
  7373 | Bailey   | Reached ***** piety under Okawaru
  7389 | Bailey   | You pick up a book of Ice and begin reading...
  7421 | Bailey   | Noticed a vault guard
  7430 | Bailey   | Killed a vault guard
  7506 | D:8      | Found Zyhuloik's General Store.
  7536 | D:8      | Noticed a death yak
  7536 | D:8      | Noticed a death yak
  7538 | D:8      | Found a staircase to the Lair.
  7538 | D:8      | Noticed a death yak
  7559 | D:8      | Killed a death yak
  7560 | D:8      | Reached skill level 14 in Fighting
  7560 | D:8      | Reached skill level 14 in Axes
  7568 | D:8      | Killed a death yak
  7569 | D:8      | Killed a death yak
  7569 | D:8      | Identified the +1 shadow dragon scales of Eternal Night
                  | {+Inv Fly rC+ Stlth++++} (Okawaru gifted it to you on level
                  | 8 of the Dungeon)
  7569 | D:8      | Received a gift from Okawaru
  7570 | D:8      | Reached XP level 11. HP: 68/111 MP: 11/11
  7576 | D:8      | a - the +1 shadow dragon scales of Eternal Night {+Inv Fly
                  | rC+ Stlth++++, rare}
  7766 | D:8      | Found Lihatyut's Magic Scroll Shoppe.
  7786 | D:8      | Bought a small agate ring for 145 gold pieces
  8194 | Lair:1   | Entered Level 1 of the Lair of Beasts
  8374 | Lair:1   | Noticed a catoblepas
  8401 | Lair:1   | Killed a catoblepas
  8402 | Lair:1   | Reached skill level 15 in Fighting
  8461 | Lair:1   | Reached skill level 15 in Axes
  8644 | Lair:1   | You pick up a book of Blasting and begin reading...
  8644 | Lair:1   | You add the spells Fulminant Prism, Iskenderun's Mystic
                  | Blast and Lee's Rapid Deconstruction to your library.
  8696 | Lair:1   | Noticed a five-headed hydra
  8708 | Lair:1   | Killed an 11-headed hydra
  9001 | Lair:1   | HP: 28/114 [poisoned by a black mamba]
  9346 | Lair:1   | Noticed a death yak
  9346 | Lair:1   | Noticed a death yak
  9347 | Lair:1   | Noticed a death yak
  9347 | Lair:1   | Noticed a death yak
  9352 | Lair:1   | Killed a death yak
  9355 | Lair:1   | Killed a death yak
  9356 | Lair:1   | Reached skill level 16 in Fighting
  9357 | Lair:1   | Killed a death yak
  9358 | Lair:1   | Reached skill level 16 in Axes
  9362 | Lair:1   | Killed a death yak
  9824 | Lair:2   | Noticed an eight-headed hydra
  9830 | Lair:2   | Killed a 12-headed hydra
  9831 | Lair:2   | Reached XP level 12. HP: 98/124 MP: 12/12
  9832 | Lair:2   | Received a gift from Okawaru
  9841 | Lair:2   | Reached ****** piety under Okawaru
 10172 | Lair:2   | Reached skill level 17 in Fighting
 10258 | Lair:2   | You add the spells Sting, Poisonous Vapours and Olgreb's
                  | Toxic Radiance to your library.
 10274 | Lair:2   | Found a staircase to the Snake Pit.
 10345 | Lair:2   | Identified the +8 mace "Galavvuyri" {vorpal, *Noise rN+
                  | Dex+2}
 10362 | Lair:2   | Reached skill level 17 in Axes
 10669 | Lair:2   | Noticed an eight-headed hydra
 10674 | Lair:2   | Killed a ten-headed hydra
 10674 | Lair:2   | Received a gift from Okawaru
 10717 | Lair:2   | P - a +1 vorpal executioner's axe {axerare=g}
 10949 | Lair:2   | You drop a +1 vorpal executioner's axe {axerare=g}.
 10954 | Lair:2   | P - a +1 vorpal executioner's axe {axerare=g}
 10995 | Lair:3   | Found a staircase to the Swamp.
 11262 | Lair:3   | Noticed a five-headed hydra
 11268 | Lair:3   | Killed an eight-headed hydra
 11403 | Lair:3   | Noticed a catoblepas
 11417 | Lair:3   | Killed a catoblepas
 11781 | Lair:3   | Reached skill level 18 in Fighting
 11786 | Lair:3   | HP: 30/127 [oklob plant/splash of acid (16)]
 11791 | Lair:3   | HP: 15/127 [oklob plant/splash of acid (16)]
 11794 | Lair:3   | Slain by a cane toad

Vanquished Creatures
  2 vault guards (Bailey)
  4 hydras
  2 catoblepae
  7 death yaks
  A spriggan (Lair:2)
  A bog body (Lair:3)
  3 oklob plants (Lair:3)
  A black mamba (Lair:1)
  6 cane toads (Lair:1)
  A komodo dragon (Lair:2)
  A polar bear (Lair:2)
  A hornet (Lair:2)
  5 blink frogs (Lair:2)
  Prince Ribbit (Bailey)
  10 yaks
  4 humans (Bailey)
  A basilisk (Lair:1)
  A steam dragon (D:7)
  Edmund (D:4)
  10 water moccasins
  A black bear (Lair:2)
  2 sky beasts
  29 wolves
  A centaur (D:5)
  4 ogres
  A phantom (D:5)
  6 scorpions
  20 bullfrogs
  2 necrophages (D:6)
  6 killer bees (D:8)
  3 howler monkeys
  2 electric eels (Lair:1)
  A jelly (D:6)
  2 hounds
  2 orc priests
  A hell rat (D:8)
  3 iguanas
  9 orc wizards
  6 gnolls
  2 adders (D:6)
  4 river rats (D:8)
  2 shadow imps (D:6)
  A white imp (D:4)
  An ufetubus (D:4)
  A worm (D:3)
  A dart slug (D:4)
  40 orcs
  4 bats (D:1)
  6 endoplasms
  5 giant cockroaches
  11 goblins
  4 hobgoblins
  2 kobolds
  5 quokkas
  4 ball pythons
  2 rats
  A bush (D:5)
260 creatures vanquished.

Vanquished Creatures (others)
  12 fungi
  52 plants
64 creatures vanquished.

Grand Total: 324 creatures vanquished

Table legend:
 A = Non-vault XP
 B = Vault XP
 C = Vault XP percentage of total XP
 D = Non-vault monster count
 E = Vault monster count
 F = Vault count percentage of total count
                 A         B        C        D         E       F
            +---------+---------+-------+---------+---------+-------
      Total |   21722 |   12814 |  37.1 |     182 |      77 |  29.7
            +---------+---------+-------+---------+---------+-------
        D:1 |      11 |       0 |   0.0 |       8 |       0 |   0.0
        D:2 |     119 |       0 |   0.0 |      17 |       0 |   0.0
        D:3 |     145 |       0 |   0.0 |      11 |       0 |   0.0
        D:4 |     176 |     264 |  60.0 |      21 |       7 |  25.0
        D:5 |    1245 |     229 |  15.5 |      13 |       2 |  13.3
        D:6 |     910 |       0 |   0.0 |      20 |       0 |   0.0
        D:7 |    1182 |       0 |   0.0 |      20 |       0 |   0.0
        D:8 |    1360 |    2550 |  65.2 |      24 |      11 |  31.4
     Lair:1 |    9209 |       0 |   0.0 |      23 |       0 |   0.0
     Lair:2 |    4245 |    3541 |  45.5 |      12 |      25 |  67.6
     Lair:3 |    3120 |    2516 |  44.6 |      13 |       5 |  27.8
     Bailey |       0 |    3714 | 100.0 |       0 |      27 | 100.0
            +---------+---------+-------+---------+---------+-------

Illustrated notes

Table legend:
 A = Kills in this place as a percentage of kills in entire the game.
 B = Kills by you in this place as a percentage of kills by you in the entire game.
 C = Kills by friends in this place as a percentage of kills by friends in the entire game.
 D = Other kills in this place as a percentage of other kills in the entire game.
 E = Experience gained in this place as a percentage of experience gained in the entire game.
 F = Experience gained in this place divided by the number of levels of this place that you have seen.
                   A       B       C       D       E      F
               +-------+-------+-------+-------+-------+----------------------
         Total | 100.0 | 100.0 |   N/A |   N/A | 100.0 | 2656.6
       Dungeon |  59.5 |  59.5 |   N/A |   N/A |  23.7 | 1023.9
          Lair |  30.1 |  30.1 |   N/A |   N/A |  65.5 | 7543.7
        Bailey |  10.4 |  10.4 |   N/A |   N/A |  10.8 | 3714.0
               +-------+-------+-------+-------+-------+----------------------

Table legend: (Time is in decaauts)
 A = Elapsed time spent in this place.
 B = Non-inter-level travel time spent in this place.
 C = Inter-level travel time spent in this place.
 D = Time resting spent in this place.
 E = Time spent auto-exploring this place.
 F = Levels seen in this place.
 G = Mean time per level.
                   A        B        C        D        E       F      G
               +--------+--------+--------+--------+--------+-----+--------+
         Total |  11835 |  11454 |    381 |    737 |   8986 |  13 |  910.4 |
       Dungeon |   7935 |   7619 |    316 |    685 |   5712 |   8 |  991.9 |
        Temple |     35 |     24 |     11 |      0 |      8 |   1 |   35.0 |
          Lair |   3571 |   3517 |     54 |     52 |   3074 |   3 | 1190.3 |
        Bailey |    293 |    293 |      0 |      0 |    192 |   1 |  293.0 |
               +--------+--------+--------+--------+--------+-----+--------+

Top non-repeatable levels by time:
     D:4: 1663 daAuts
  Lair:1: 1566 daAuts
     D:2: 1270 daAuts
  Lair:2: 1217 daAuts
     D:5: 1118 daAuts
     D:7: 896 daAuts
     D:3: 812 daAuts
     D:8: 797 daAuts
  Lair:3: 787 daAuts
     D:1: 766 daAuts
     D:6: 609 daAuts
  Bailey: 293 daAuts
  Temple: 35 daAuts
